cohdb
Replays
Latest Replays
All Replays
Popular Replays
Top Player Replays
Match Explorer
How It Works
Community
CoH3 Stats
Reddit
Sign in to upload your games and track your stats! →
Sign in with Steam
Match 28724246
Unlisted
Match 28724246
Overview
Messages
Build Orders
End
Engineer Squad
Construct Barracks
1⁄4-ton 4x4 Truck
Selects Armored Battlegroup
Selects Veteran Crews
Riflemen Squad
Riflemen Squad
Mechanized Support Center
M1 Mortar Team
Construct Motor Pool
M8 Greyhound Armored Car
M8 Greyhound Armored Car
Selects M31 Recovery Vehicle
Rearm and Retrofit
Designate Forward Repair Station
Improvised Armor
Selects War Machine
M8 Greyhound Armored Car
M1 Anti-tank Gun Team
Selects Strength in Steel
M24 Chaffee Light Tank
M8 Greyhound Armored Car
Selects Seek and Destroy
M24 Chaffee Light Tank
M24 Chaffee Light Tank
Engineer Squad
M8 Greyhound Armored Car
Rapid Repairs
M24 Chaffee Light Tank
M1 Anti-tank Gun Team
Selects M4A3E8 Sherman Combat Group
BrutusHR
SamkeSamke
pagep
La Crevette
0
0
Comments
sign in to comment!
No comments posted yet!